 Dungeon Crawl Stone Soup version 0.26-b1-59-ge38874ec40 (webtiles) character file.

Game seed: 17176116968767423339

2277 dolemite99 the Cleaver (level 9, -4/54 (55) HPs)
             Began as a Minotaur Fighter on Jan 9, 2021.
             Was a Follower of Makhleb.
             Slain by a soul eater (12 damage)
             ... on level 2 of the Abyss.
             The game lasted 00:11:08 (8962 turns).

dolemite99 the Cleaver (Minotaur Fighter)           Turns: 8962, Time: 00:11:08

HP:   -4/54 (55)    AC:  9    Str: 19      XL:     9   Next: 16%
MP:   7/7           EV:  5    Int:  2 (5)  God:    Makhleb [*.....]
Gold: 355           SH:  0    Dex:  8 (11) Spells: 8/8 levels left

rFire    + . .     SeeInvis .   a - +0 war axe
rCold    + . .     Faith    .   c - +0 kite shield
rNeg     . . .     Spirit   .   p - +0 chain mail
rPois    .         Reflect  .   (helmet restricted)
rElec    .         Harm     .   i - scarf {rC+ rF+}
rCorr    .         Rampage  .   K - +2 pair of gloves
Will     .....     Rnd*Rage +   (no boots)
Stlth    ..........             (no amulet)
HPRegen  0.00/turn              (no ring)
MPRegen  0.10/turn              (no ring)

@: confused, lightly drained
A: retaliatory headbutt, horns 2, [berserk 2], [blurry vision 3], [deformed
body], deterioration 1[+1], [frail 3], [low mp 2], [screaming 2], [inhibited
regeneration], [weak 2]
a: Renounce Religion


You were on level 2 of the Abyss.
You worshipped Makhleb.
Makhleb was aware of your devotion.
You visited 2 branches of the dungeon, and saw 7 of its levels.
You visited the Abyss 2 times.

You collected 355 gold pieces.

Inventory:

Hand Weapons
 a - a +0 war axe (weapon)
 k - a +0 hunting sling
 n - a +4 flail
 y - a +0 arbalest
 B - a +1 dagger of holy wrath
 H - a +4 falchion
 I - a +0 morningstar
Missiles
 d - 22 arrows
 g - 205 stones
 h - 5 poisoned darts (quivered)
 r - 15 bolts
 x - 77 sling bullets
 J - 6 curare-tipped darts
Armour
 b - a +0 scale mail
 c - a +0 kite shield (worn)
 i - a scarf of resistance (worn)
 p - a +0 chain mail (worn)
 E - +0 ice dragon scales
 F - a +2 cloak
 K - a +2 pair of gloves (worn)
Magical Staves
 D - an uncursed staff of death {unknown}
 N - an uncursed staff of poison {unknown}
Jewellery
 j - a +6 ring of dexterity {unknown}
Wands
 v - a wand of paralysis (8)
 G - a wand of enslavement (4)
Scrolls
 o - 2 scrolls of remove curse {@r2}
 w - a scroll of teleportation {unknown}
 z - a scroll of magic mapping {unknown}
 A - a scroll of enchant weapon {unknown}
 C - 3 scrolls of enchant armour
 M - a scroll of identify {@r1}
Potions
 m - 2 potions of flight
 s - 2 potions of brilliance
 u - 2 potions of attraction
 L - a potion of heal wounds {unknown}
Miscellaneous
 O - a box of beasts


   Skills:
 + Level 7.1 Fighting
 * Level 10.6 Axes
 - Level 2.0 Throwing
 + Level 7.0 Armour
 - Level 4.4 Shields
 - Level 2.0 Invocations
 - Level 2.0 Evocations


You had 8 spell levels left.
You didn't know any spells.
Your spell library contained the following spells:

 Spells                   Type           Power        Failure   Level
 Animate Skeleton         Necr           0%           100%        1
 Apportation              Tloc           0%           100%        1
 Corona                   Hex            0%           100%        1
 Sting                    Tmut/Pois      0%           100%        1
 Summon Small Mammal      Summ           0%           100%        1
 Ignite Poison            Fire/Tmut/Pois 0%           100%        3
 Tukima's Dance           Hex            0%           100%        3
 Olgreb's Toxic Radiance  Pois           0%           100%        4
 Invisibility             Hex            0%           100%        6


Dungeon Overview and Level Annotations

Branches:
Dungeon (6/15)             Temple (1/1) D:4

Altars:
Ashenzari
Cheibriados
Dithmenos
Elyvilon
Fedhas
Hepliaklqana
Kikubaaqudgha
Makhleb
Nemelex Xobeh
Okawaru
Qazlal
Uskayaw
Wu Jian
Xom
Yredelemnul
Zin

Annotations:
D:2 exclusion: downstairs
D:6 Maggie


Innate Abilities, Weirdness & Mutations

You reflexively headbutt those who attack you in melee.
You have a pair of horns on your head.
[You often lose your temper in combat.]
[Scrolls take you much longer to read.]
[Armour fits poorly on your strangely shaped body.]
[Your body often deteriorates upon taking damage.]
[You are extremely frail. (-30% HP)]
[Your magical capacity is very low. (-20% MP)]
[You sometimes yell uncontrollably at your foes.]
[You do not regenerate when monsters are visible.]
[You are very weak. (Str -4)]


Message History

You continue reading the scroll.
You block the soul eater's attack.
As you read the scroll labelled BAROGGOCUN, it crumbles to dust.
You assume a fearsome visage.
The soul eater is unaffected.
It was a scroll of fear.
Really read with blurry vision while enemies are nearby?
The soul eater draws from the surrounding life force!
* * * LOW HITPOINT WARNING * * *
Your body deteriorates!
You feel clumsy.
The soul eater is healed.
You begin reading the scroll.
You continue reading the scroll.
You block the soul eater's attack.
You continue reading the scroll.
The soul eater hits you but does no damage.
As you read the scroll labelled NIXZOI RIWN, it crumbles to dust.
The scroll dissolves into smoke.
It was a scroll of fog.
It was a potion of ambrosia.
You are confused.
You feel invigorated. The soul eater hits you!
You die...

. #. #.# ..
# ..# . ..
. ####.#..
# §.. .# #.
#3# ## . #
#@## . #
#§§#§# .
##§#.§..# #
.#..#....##
.##
........ .
. ... #
##....##.#
. . # #
..#... .# .
...##. # .
#... .##


You could see a soul eater.

Vanquished Creatures
  A wretched star (Abyss:1)
  A neqoxec (Abyss:1)
  An orc warrior (D:5)
  An ice beast (D:6)
  A black bear (D:6)
  4 sky beasts
  2 ogres
  A bullfrog (D:3)
  A scorpion (D:5)
  2 centaur zombies (D:6)
  7 orc priests
  4 orc wizards
  An iguana (D:6)
  A worker ant (D:5)
  8 adders
  2 shadow imps
  An ufetubus (D:5)
  2 adder skeletons
  5 worms
  3 dart slugs
  A leopard gecko (D:4)
  32 orcs
  5 giant cockroaches
  11 goblins
  7 hobgoblins
  7 jackals
  2 quokkas
  A ball python (D:3)
  8 bats
  8 frilled lizards
  A jackal skeleton (D:4)
  10 kobolds
  A leopard gecko skeleton (D:3)
  10 rats
153 creatures vanquished.

Vanquished Creatures (others)
  4 plants (D:3)
4 creatures vanquished.

Grand Total: 157 creatures vanquished

Notes
Turn   | Place    | Note
-------+----------+-------------------------------------------
     0 | D:1      | dolemite99 the Minotaur Fighter began the quest for the
                  | Orb.
     0 | D:1      | Reached XP level 1. HP: 19/19 MP: 0/0
    38 | D:1      | Reached XP level 2. HP: 17/27 MP: 1/1
   481 | D:1      | Reached skill level 3 in Axes
   854 | D:1      | Reached XP level 3. HP: 33/33 MP: 2/2
  1507 | D:2      | Found an ornate altar of the Wu Jian Council.
  2334 | D:3      | Reached XP level 4. HP: 40/40 MP: 3/3
  2344 | D:3      | Noticed an ogre
  2392 | D:3      | Reached skill level 4 in Axes
  2621 | D:3      | Killed an ogre
  2622 | D:3      | Reached skill level 5 in Axes
  2622 | D:3      | Reached XP level 5. HP: 46/46 MP: 4/4
  2756 | D:3      | Reached skill level 6 in Axes
  2842 | D:3      | Reached skill level 7 in Axes
  2842 | D:3      | Reached XP level 6. HP: 39/52 MP: 5/5
  3980 | D:4      | Found a staircase to the Ecumenical Temple.
  3989 | Temple   | Entered the Ecumenical Temple
  4075 | Temple   | Became a worshipper of Makhleb the Destroyer
  4470 | D:4      | Noticed a sky beast
  4520 | D:4      | Killed a sky beast
  4710 | D:4      | Reached XP level 7. HP: 50/60 MP: 6/6
  5055 | D:4      | Reached skill level 5 in Fighting
  5055 | D:4      | Reached skill level 8 in Axes
  5158 | D:4      | Reached skill level 5 in Armour
  5318 | D:5      | Entered Level 5 of the Dungeon
  6192 | D:5      | Reached skill level 1 in Throwing
  6354 | D:5      | Reached skill level 1 in Evocations
  6451 | D:5      | Reached * piety under Makhleb
  6482 | D:5      | Identified the Compendium of Enthralling Poisoning
  6578 | D:5      | Reached skill level 1 in Invocations
  6578 | D:5      | Reached XP level 8. HP: 52/68 MP: 6/8
  6817 | D:5      | Found a hazy altar of Hepliaklqana.
  7549 | D:6      | Noticed Maggie
  7966 | D:5      | Reached skill level 9 in Axes
  8724 | D:6      | Cast into level 1 of the Abyss (Maggie)
  8754 | Abyss:1  | Noticed a hellwing
  8796 | Abyss:1  | Gained mutation: [Your body sometimes deteriorates upon
                  | taking damage.] [a neqoxec]
  8802 | Abyss:1  | Reached skill level 10 in Axes
  8805 | Abyss:1  | Noticed a wretched star
  8833 | Abyss:1  | Killed a wretched star
  8834 | Abyss:1  | Reached XP level 9. HP: 55/55 MP: 7/7
  8836 | D:6      | Escaped the Abyss
  8847 | D:6      | Cast into level 2 of the Abyss (Maggie)
  8889 | Abyss:2  | Noticed a large abomination
  8893 | Abyss:2  | Found a corrupted altar of Lugonu.
  8949 | Abyss:2  | Noticed a soul eater
  8962 | Abyss:2  | Slain by a soul eater

Illustrated notes

Levels and vault maps discovered:
D:1:      amcnicky_arrival_gap_in_the_tavern_cellar, layout_loops_cross,
          patterned_corridor
D:2:      layout_basic, old_standard_altar
D:3:      layout_basic, serial_forest, infiniplex_forest_clump_curved,
          infiniplex_forest_corner_1, infiniplex_forest_clump_tiny,
          infiniplex_forest_end_3, infiniplex_forest_end_double,
          infiniplex_forest_lined_2, st_stairs_8
D:4:      layout_basic, minmay_temple_entry_overgrown
D:5:      layout_loops_corners, overflow_temple_1_default
D:6:      layout_rooms, wad_floor_pattern_2, uniq_maggie
Temple:   regret_index_temple_sphere_string
Abyss:2:  base:
D:5

Skill      XL: |  1  2  3  4  5  6  7  8 |
---------------+-------------------------+-----
Axes           | 3 5 7 8 10 | 10.6
Shields        | 4 |  4.4
Fighting       | 4 5 7 |  7.1
Armour         | 4 5 7 |  7.0
Throwing       | 2 |  2.0
Evocations     | 2 |  2.0
Invocations    | 1 2 |  2.0

Action                   |  1- 3 |  4- 6 |  7- 9 || total
-------------------------+-------+-------+-------++-------
Melee: War axe           |   120 |   123 |   176 ||   419
       Headbutt          |    13 |    16 |    30 ||    59
Throw: Stone             |    17 |    20 |     6 ||    43
       Dart              |       |     1 |    37 ||    38
  Use: Potion            |       |     1 |     8 ||     9
       Scroll            |       |     6 |     8 ||    14
Armor: Scale mail        |    31 |       |       ||    31
       Chain mail        |    41 |    74 |    74 ||   189
       Skin              |       |       |    17 ||    17
Dodge: Dodged            |    38 |    27 |    39 ||   104
Block: Kite shield       |    68 |    67 |    98 ||   233
